 Dungeon Crawl Stone Soup version 0.30-a0-859-gf88a04b62d (webtiles) character file.

Game seed: 1001596657612064415

584 lunkers the Carver (level 7, 0/57 HPs)
             Began as a Meteoran Fighter on Mar 7, 2023.
             Was a Believer of Uskayaw.
             Slain by a phantom (5 damage)
             ... on level 5 of the Dungeon.
             The game lasted 00:05:32 (2291 turns).

lunkers the Carver (Meteoran Fighter)               Turns: 2291, Time: 00:05:32

Health: 0/57       AC:  8    Str: 18    XL:     7   Next: 96%
Magic:  8/8        EV:  9    Int: 10    God:    Uskayaw [**....]
Gold:   95         SH:  5    Dex: 15    Spells: 6/6 levels left

rFire   . . .      SeeInvis .    b - +0 long sword (heavy)
rCold   . . .      Faith    .    c - +0 buckler
rNeg    . . .      Spirit   .    g - +0 scale mail
rPois   .          Reflect  .    o - +0 helmet
rElec   .          Rampage  .    p - scarf {repulsion}
rCorr   .                        (no gloves)
Will    .....                    (no boots) Stlth
                                 (no amulet)
HPRegen 0.29/turn                (no ring)
MPRegen 0.11/turn                (no ring)

@: glowing, repel missiles
A: sense surroundings 1, otherworldly, glowing, explore regen
a: Renounce Religion, Stomp, Line Pass


You were on level 5 of the Dungeon.
You worshipped Uskayaw.
Uskayaw was noncommittal.
You visited 2 branches of the dungeon, and saw 6 of its levels.

You collected 95 gold pieces.

Inventory:

Hand Weapons
 a - a +0 long sword
 b - a +0 heavy long sword (weapon)
Armour
 c - a +0 buckler (worn)
 g - a +0 scale mail (worn)
 o - a +0 helmet (worn)
 p - a scarf of repulsion (worn)
Jewellery
 m - a ring of fire
Scrolls
 f - 2 scrolls of magic mapping
 h - a scroll of vulnerability {unknown}
 i - a scroll of enchant armour {unknown}
 r - a scroll of summoning {unknown}
Potions
 d - a potion of might
 e - 2 potions of brilliance
 j - a potion of lignification {unknown}
 k - 3 potions of heal wounds
 l - 3 potions of berserk rage
 n - a potion of cancellation {unknown}
 q - a potion of attraction {unknown}


   Skills:
 - Level 3.2 Fighting
 + Level 9.5 Long Blades
 - Level 3.6 Armour
 - Level 3.6 Shields


You had 6 spell levels left.
You didn't know any spells.
Your spell library contained the following spells:

 Spells                   Type           Power      Damage    Failure   Level
 Slow                     Hex            0%         N/A       83%         1
 Sting                    Tmut/Pois      0%         1d3       83%         1
 Lesser Beckoning         Tloc           0%         N/A       93%         2
 Poisonous Vapours        Pois/Air       0%         N/A       93%         2
 Confusing Touch          Hex            0%         N/A       99%         3
 Gell's Gravitas          Tloc           0%         N/A       99%         3
 Teleport Other           Tloc           0%         N/A       99%         3
 Vampiric Draining        Necr           0%         2d6       99%         3
 Olgreb's Toxic Radiance  Pois           0%         N/A       100%        4


Dungeon Overview and Level Annotations

Branches:
Dungeon (5/15) Zot: 854    Temple (1/1) D:4 Zot: 368

Altars:
Ashenzari
Cheibriados
Dithmenos
Makhleb
Nemelex Xobeh
Qazlal
Ru
Sif Muna
Trog
Uskayaw
Vehumet
Wu Jian
Zin


Innate Abilities, Weirdness & Mutations

You passively map a small area around you.
You are easily found by Zot.
You glow in the dark.
You regain HP and MP as you explore.


Message History

You climb downwards.
The iguana hisses angrily.
There is a stone staircase leading up here.
There are monsters nearby!
There are monsters nearby!
You barely miss the iguana. The iguana bites you!
You slice the iguana!!
You kill the iguana!
The adder barely misses you.
You hit the adder.
The adder is heavily wounded.
The adder bites you. The adder barely misses you.
You can now pass through a line of other dancers.
You slice the adder!!
You kill the adder!
No target in view!
No target in view!
No target in view!
No target in view!
No target in view!
No target in view!
No target in view!
No target in view!
No target in view!
An ogre comes into view. It is wielding a +0 giant club.
The ogre shouts!
A phantom comes into view.
The ogre hits you with a +0 giant club!
You slash the ogre!
The ogre is moderately wounded.
The ogre hits you with a +0 giant club!!
* * * LOW HITPOINT WARNING * * *
The phantom hits you.
* * * LOW HITPOINT WARNING * * *
The phantom blinks!
You blink.
You closely miss the phantom. The phantom hits you.
* * * LOW HITPOINT WARNING * * *
The phantom blinks!
You blink.
You closely miss the phantom. The phantom hits you.
You die...

, ## * , #..# ,
* #####..#####
##.........^## ,
, ,
##............##
*
#..............#
#............<.#
#.....§..W.....#
#.....O.@......#
#..............#
##§..$........##
##§.........##
############


You could see an ogre and a phantom.

Vanquished Creatures
  Sigmund (D:3)
  A phantom (D:4)
  2 scorpions
  2 iguanas
  Natasha (D:3)
  An orc wizard (D:3)
  4 gnolls (D:2)
  2 adders
  2 worms
  A dart slug (D:3)
  6 orcs (D:3)
  6 bats
  An endoplasm (D:2)
  2 giant cockroaches
  A goblin (D:2)
  7 hobgoblins
  3 jackals (D:1)
  7 kobolds
  7 quokkas
  6 ball pythons
  2 frilled lizards (D:1)
  10 rats
75 creatures vanquished.

Vanquished Creatures (others)
  6 plants (D:2)
6 creatures vanquished.

Grand Total: 81 creatures vanquished

Notes
Turn   | Place    | Note
-------+----------+-------------------------------------------
     0 | D:1      | lunkers the Meteoran Fighter began the quest for the Orb.
     0 | D:1      | Reached XP level 1. HP: 19/19 MP: 2/2
    55 | D:1      | Reached skill level 3 in Long Blades
    55 | D:1      | Reached XP level 2. HP: 25/26 MP: 3/3
   223 | D:1      | Reached XP level 3. HP: 30/31 MP: 4/4
   240 | D:1      | Reached skill level 4 in Long Blades
   481 | D:1      | Glimpsed the power of Zot.
   674 | D:2      | Noticed a scorpion
   678 | D:2      | Killed a scorpion
   679 | D:2      | Reached skill level 5 in Long Blades
   679 | D:2      | Reached XP level 4. HP: 38/38 MP: 5/5
   679 | D:2      | Reached XP level 5. HP: 45/45 MP: 6/6
   795 | D:2      | Reached skill level 6 in Long Blades
  1084 | D:3      | Noticed Sigmund
  1091 | D:3      | Killed Sigmund
  1092 | D:3      | Reached skill level 8 in Long Blades
  1092 | D:3      | Reached XP level 6. HP: 16/51 MP: 7/7
  1092 | D:3      | Reached XP level 7. HP: 18/57 MP: 8/8
  1386 | D:3      | Noticed Natasha
  1395 | D:3      | Killed Natasha
  1547 | D:4      | Found a staircase to the Ecumenical Temple.
  1566 | Temple   | Entered the Ecumenical Temple
  1779 | Temple   | Became a worshipper of Uskayaw the Reveller
  2009 | D:4      | Reached * piety under Uskayaw
  2016 | D:4      | Reached ** piety under Uskayaw
  2017 | D:4      | Reached skill level 9 in Long Blades
  2278 | D:5      | Entered Level 5 of the Dungeon
  2291 | D:5      | Slain by a phantom

Illustrated notes

Levels and vault maps discovered:
D:1:      onia_arrival_handbag, layout_basic, corexii_corridor_pit, minivault_19
D:2:      layout_loops_ring, nicolae_grassy_gnolls
D:3:      layout_loops_ring, minmay_door_square, grunt_ministairs_7,
          kennysheep_generic_room_9, uniq_natasha, uniq_sigmund
D:4:      layout_loops_corners, minmay_temple_entry_drinking_statues
D:5:      layout_rooms, serial_demonic, serial_demonic_d, serial_demonic_c,
          serial_demonic_d, serial_demonic_f, serial_demonic_c,
          serial_demonic_d, serial_demonic_c, serial_demonic_e, uniq_eustachio,
          uniq_grinder
Temple:   nicolae_temple_bog_church

Skill      XL: |  1  2  3  4  5  6  7 |
---------------+----------------------+-----
Long Blades    | 3 5 8 9 |  9.5
Fighting       | |  3.2
Armour         | |  3.6
Shields        | |  3.6

Action                     |  1- 3 |  4- 6 |  7- 9 || total
---------------------------+-------+-------+-------++-------
  Melee: Long sword        |    71 |    29 |    65 ||   165
    Use: Potion            |       |     1 |       ||     1
         Scroll            |       |       |     8 ||     8
 Armour: Scale mail        |    35 |     6 |    24 ||    65
  Dodge: Dodged            |    33 |    11 |    22 ||    66
  Block: Buckler           |    19 |     5 |    19 ||    43

Table legend: (Time is in decaauts)
 A = Elapsed time spent in this place.
 B = Non-inter-level travel time spent in this place.
 C = Inter-level travel time spent in this place.
 D = Time resting spent in this place.
 E = Time spent auto-exploring this place.
 F = Levels seen in this place.
 G = Mean time per level.
                   A        B        C        D        E       F      G
               +--------+--------+--------+--------+--------+-----+--------+
         Total |   2376 |   2219 |    157 |      0 |   1653 |   6 |  396.0 |
       Dungeon |   2144 |   1990 |    154 |      0 |   1470 |   5 |  428.8 |
        Temple |    231 |    228 |      3 |      0 |    183 |   1 |  231.0 |
               +--------+--------+--------+--------+--------+-----+--------+

Top non-repeatable levels by time:
     D:2: 554 daAuts
     D:3: 529 daAuts
     D:1: 527 daAuts
     D:4: 517 daAuts
  Temple: 231 daAuts
     D:5: 15 daAuts
